[Event "FIDE CB Open 2022"]
[Site "Ceske Budejovice"]
[Date "2022.07.01"]
[Round "1.24"]
[White "Zezula, Jakub"]
[Black "Mostbauer, Maximilian"]
[Result "1/2-1/2"]
[ECO "C10"]
[WhiteElo "1831"]
[BlackElo "2192"]
[Annotator "RC"]
[PlyCount "58"]
[EventDate "2022.07.01"]
[EventType "swiss"]
[EventCountry "CZE"]
[SourceTitle "playchess.com"]
[Source "ChessBase"]
[SourceQuality "1"]
[TimeControl "40/5400+30:1800+30"]

1. e4 e6 2. d4 d5 3. Nd2 dxe4 4. Nxe4 Nd7 5. Nf3 Ngf6 6. Bd3 Nxe4 7. Bxe4 Nf6 8. Bd3 c5 9. O-O Qc7 10. Bg5 c4 11. Be2 Nd5 12. c3 Bd7 13. Ne5 Bd6 14. Nxd7 Qxd7 15. Bxc4 Bxh2+ 16. Kh1 Bc7 17. Qf3 Qd6 18. g3 f6 19. Bxd5 Qxd5 20. Qxd5 exd5 21. Bd2 Kd7 22. Kg2 Rhe8 23. Kf3 Re6 24. Rh1 h6 25. Rh5 Rb6 26. Rxd5+ Ke6 27. c4 Rd6 28. Bf4 Rxd5 29. cxd5+ Kd7 1/2-1/2

[Event "FIDE CB Open 2022"]
[Site "Ceske Budejovice"]
[Date "2022.07.01"]
[Round "1.25"]
[White "Borkovec, Milan"]
[Black "Kosut, Tomas"]
[Result "1-0"]
[ECO "B76"]
[WhiteElo "2188"]
[BlackElo "1820"]
[Annotator "RC"]
[PlyCount "53"]
[EventDate "2022.07.01"]
[EventType "swiss"]
[EventCountry "CZE"]
[SourceTitle "playchess.com"]
[Source "ChessBase"]
[SourceQuality "1"]
[TimeControl "40/5400+30:1800+30"]

1. e4 c5 2. Nf3 d6 3. d4 cxd4 4. Nxd4 Nf6 5. Nc3 g6 6. Be3 Bg7 7. f3 Nc6 8. Qd2 O-O 9. O-O-O Nxd4 10. Bxd4 Be6 11. Kb1 Qc7 12. g4 Rfc8 13. h4 Qa5 14. a3 h5 15. Qg5 Qxg5 16. hxg5 Nh7 17. gxh5 Bxd4 18. Rxd4 Nxg5 19. f4 Nh7 20. Rg1 Nf8 21. f5 Bd7 22. Nd5 Kg7 23. hxg6 fxg6 24. Nxe7 Re8 25. Nxg6 Nxg6 26. Rxg6+ Kh7 27. Rd2 1-0

[Event "FIDE CB Open 2022"]
[Site "Ceske Budejovice"]
[Date "2022.07.01"]
[Round "1.27"]
[White "Vybiral, Zdenek"]
[Black "Rucabado, Stefan"]
[Result "1-0"]
[ECO "D41"]
[WhiteElo "2143"]
[BlackElo "1809"]
[Annotator "NA RC"]
[PlyCount "63"]
[EventDate "2022.07.01"]
[EventType "swiss"]
[EventCountry "CZE"]
[SourceTitle "playchess.com"]
[Source "ChessBase"]
[SourceQuality "1"]
[TimeControl "40/5400+30:1800+30"]

1. c4 c6 2. e4 d5 3. exd5 cxd5 4. d4 Nf6 5. Nc3 e6 6. Nf3 Be7 7. cxd5 Nxd5 8. Bd3 b6 9. Ne5 O-O 10. Qh5 Nf6 11. Qf3 Qxd4 12. Qxa8 Qxe5+ 13. Be3 Bb4 14. O-O Ng4 15. g3 Nxe3 16. Rae1 Bc5 17. fxe3 Bxe3+ 18. Kg2 Qc7 19. Bxh7+ Kxh7 20. Qe4+ g6 21. Qxe3 Bb7+ 22. Kg1 Qc6 23. Ne4 f6 24. Rxf6 Rxf6 25. Nxf6+ Kg7 26. Ne4 Qd5 27. Qd2 Qxd2 28. Nxd2 Bd5 29. Ne4 Bxa2 30. Ra1 Bd5 31. Rxa7+ Kh6 32. Nf6 1-0

[Event "FIDE CB Open 2022"]
[Site "Ceske Budejovice"]
[Date "2022.07.01"]
[Round "1.28"]
[White "Steinbauer, Sebastian"]
[Black "Bartos, Jan"]
[Result "0-1"]
[ECO "C01"]
[WhiteElo "1808"]
[BlackElo "2142"]
[Annotator "NA RC"]
[PlyCount "100"]
[EventDate "2022.07.01"]
[EventType "swiss"]
[EventCountry "CZE"]
[SourceTitle "playchess.com"]
[Source "ChessBase"]
[SourceQuality "1"]
[TimeControl "40/5400+30:1800+30"]

1. e4 e6 2. d4 d5 3. exd5 exd5 4. Nc3 c6 5. Nf3 Bd6 6. Bd3 Ne7 7. Bg5 f6 8. Bh4 Bf5 9. Qe2 Bxd3 10. Qxd3 Nd7 11. Bg3 Nb6 12. O-O-O O-O 13. h4 Bxg3 14. fxg3 Qd6 15. Nd2 Rae8 16. h5 Kh8 17. Ne2 Qb4 18. Nf4 Nc4 19. Nb3 Nd6 20. Nc5 Nc4 21. Nb3 a5 22. Ng6+ Nxg6 23. hxg6 h6 24. a3 Qe7 25. Kb1 Qe4 26. Nc5 Qxd3 27. Nxd3 Re3 28. Rh3 Rfe8 29. Nf4 Re1 30. Rh1 Rxh1 31. Rxh1 Re3 32. Kc1 Nd6 33. Rh3 Ne4 34. b3 Ng5 35. Kd2 Re4 36. Rh1 Rxd4+ 37. Nd3 Rg4 38. b4 Ne4+ 39. Ke2 axb4 40. axb4 Rxg3 41. Nf4 Ra3 42. Rc1 Nc3+ 43. Kf2 Kg8 44. Re1 Ne4+ 45. Kg1 f5 46. Ne6 Rg3 47. Nf4 Rg4 48. Ra1 Kf8 49. Ra8+ Ke7 50. Nd3 Rxg6 0-1

[Event "FIDE CB Open 2022"]
[Site "Ceske Budejovice"]
[Date "2022.07.01"]
[Round "1.29"]
[White "Panjer, Sidney"]
[Black "Pavlicek, Petr"]
[Result "1-0"]
[ECO "A16"]
[WhiteElo "2140"]
[BlackElo "1806"]
[Annotator "RC"]
[PlyCount "111"]
[EventDate "2022.07.01"]
[EventType "swiss"]
[EventCountry "CZE"]
[SourceTitle "playchess.com"]
[Source "ChessBase"]
[SourceQuality "1"]
[TimeControl "40/5400+30:1800+30"]

1. Nf3 Nf6 2. c4 g6 3. Nc3 d5 4. cxd5 Nxd5 5. e4 Nxc3 6. dxc3 Qxd1+ 7. Kxd1 Bg7 8. Bf4 c6 9. a4 Bg4 10. Kc2 Bxf3 11. gxf3 Nd7 12. Be2 O-O-O 13. b4 h5 14. Be3 Kb8 15. f4 e6 16. Rhg1 Bf6 17. e5 Be7 18. a5 c5 19. b5 Kc8 20. Ra4 Kb8 21. Re4 Rc8 22. Rd1 Rhd8 23. h3 Nf8 24. Rg1 Rd7 25. Bf3 Rdd8 26. Ra4 Rd7 27. Kb3 Rdd8 28. Kc4 Rd7 29. Raa1 Rcd8 30. Be4 Rc8 31. Rgd1 Rxd1 32. Rxd1 Rc7 33. b6 Rc8 34. bxa7+ Kxa7 35. Rb1 Rc7 36. Kb5 Nd7 37. Ra1 Nb8 38. Rd1 Na6 39. Bf3 Nb8 40. Rd2 Na6 41. Bd1 Nb8 42. Ba4 Nc6 43. Rd1 Nd8 44. Kc4 Ka6 45. Rd7 Rxd7 46. Bxd7 b6 47. axb6 Kxb6 48. Be8 Bf8 49. f3 Be7 50. Bf2 h4 51. Bg1 Bf8 52. Be3 Be7 53. Bf2 g5 54. fxg5 Nc6 55. Bxc6 Kxc6 56. f4 1-0

[Event "FIDE CB Open 2022"]
[Site "Ceske Budejovice"]
[Date "2022.07.01"]
[Round "1.30"]
[White "Slaby, Matej"]
[Black "Zima, Jan"]
[Result "1-0"]
[ECO "A48"]
[WhiteElo "1796"]
[BlackElo "2134"]
[Annotator "RC"]
[PlyCount "143"]
[EventDate "2022.07.01"]
[EventType "swiss"]
[EventCountry "CZE"]
[SourceTitle "playchess.com"]
[Source "ChessBase"]
[SourceQuality "1"]
[TimeControl "40/5400+30:1800+30"]

1. Nf3 Nf6 2. d4 g6 3. Bf4 Bg7 4. h3 O-O 5. e3 d6 6. Bh2 c5 7. c3 cxd4 8. exd4 Be6 9. Bd3 Nc6 10. O-O Rc8 11. Qe2 Re8 12. Nbd2 Qa5 13. Nc4 Qh5 14. Ne3 Bd7 15. Nd2 Qg5 16. f4 Qa5 17. Nf3 e6 18. Qf2 Qc7 19. Qh4 Ne7 20. Ng4 Nxg4 21. hxg4 Qb6 22. Qf2 Bb5 23. Bxb5 Qxb5 24. Ng5 Qd5 25. Rfe1 h6 26. Nf3 Nc6 27. g5 h5 28. Qh4 Ne7 29. Kh1 Nf5 30. Qf2 Rc6 31. Qd2 Rec8 32. Bg1 a5 33. a4 Rc4 34. Bf2 b5 35. axb5 Qxb5 36. Ra2 a4 37. Qe2 Qd7 38. Rea1 d5 39. Nd2 R4c7 40. Rxa4 Rb7 41. Nf3 Nd6 42. Ne1 Nc4 43. Nd3 Qc7 44. g3 Bf8 45. Be3 Rcb8 46. Bc1 Bd6 47. Kg2 Kg7 48. Kf3 Rb3 49. Qc2 Qc6 50. Ra6 R3b6 51. Rxb6 Qxb6 52. Qa4 Qb7 53. Qa7 Qb3 54. Qa4 Qb7 55. Qc2 Qb5 56. Kf2 Be7 57. Ra7 Bd8 58. Qa4 Qxa4 59. Rxa4 Bb6 60. Ke2 f6 61. gxf6+ Kxf6 62. Rb4 Kf5 63. Ne5 Nxe5 64. dxe5 Bc7 65. Rxb8 Bxb8 66. Kf3 g5 67. Be3 gxf4 68. gxf4 Bc7 69. b4 h4 70. b5 h3 71. b6 Bb8 72. Bc5 1-0

[Event "FIDE CB Open 2022"]
[Site "Ceske Budejovice"]
[Date "2022.07.01"]
[Round "1.31"]
[White "Johannsson, Birkir Isak"]
[Black "Wojdyla, Alex"]
[Result "0-1"]
[ECO "D33"]
[WhiteElo "2131"]
[BlackElo "1782"]
[Annotator "NA RC"]
[PlyCount "50"]
[EventDate "2022.07.01"]
[EventType "swiss"]
[EventCountry "CZE"]
[SourceTitle "playchess.com"]
[Source "ChessBase"]
[SourceQuality "1"]
[TimeControl "40/5400+30:1800+30"]

1. d4 Nf6 2. Nf3 e6 3. c4 d5 4. g3 c5 5. cxd5 exd5 6. Bg2 h6 7. O-O Nc6 8. Nc3 Be7 9. dxc5 Bxc5 10. b3 O-O 11. Bb2 Be6 12. Rc1 Qd7 13. e3 b6 14. a3 Rad8 15. b4 Be7 16. Ne2 Ne4 17. Ned4 Nxd4 18. Nxd4 Bf6 19. Qe2 Bh3 20. Rfd1 h5 21. Bh1 h4 22. Nc6 Bxb2 23. Rxd5 Qc7 24. Rxd8 Rxd8 25. Qxb2 Qxc6 0-1

[Event "FIDE CB Open 2022"]
[Site "Ceske Budejovice"]
[Date "2022.07.01"]
[Round "1.32"]
[White "Rosol, Philip"]
[Black "Hofstadler, Mario"]
[Result "0-1"]
[ECO "A57"]
[WhiteElo "1741"]
[BlackElo "2123"]
[Annotator "RC"]
[PlyCount "42"]
[EventDate "2022.07.01"]
[EventType "swiss"]
[EventCountry "CZE"]
[SourceTitle "playchess.com"]
[Source "ChessBase"]
[SourceQuality "1"]
[TimeControl "40/5400+30:1800+30"]

1. d4 Nf6 2. c4 c5 3. d5 b5 4. cxb5 a6 5. b6 d6 6. Nc3 Nbd7 7. e4 g6 8. Nf3 Bg7 9. Bd3 O-O 10. O-O Qxb6 11. Nd2 Ne5 12. Be2 g5 13. Nc4 Nxc4 14. Bxc4 Nd7 15. Qe2 h6 16. f4 gxf4 17. Rxf4 Ne5 18. Rg4 Qb4 19. Rh4 Ng6 20. Rh5 Bg4 21. Kh1 Ne5 0-1

[Event "FIDE CB Open 2022"]
[Site "Ceske Budejovice"]
[Date "2022.07.01"]
[Round "1.33"]
[White "Koch-Muller, Oscar"]
[Black "Travnicek, Jaroslav"]
[Result "1/2-1/2"]
[ECO "E24"]
[WhiteElo "2115"]
[BlackElo "1730"]
[Annotator "RC"]
[PlyCount "123"]
[EventDate "2022.07.01"]
[EventType "swiss"]
[EventCountry "CZE"]
[SourceTitle "playchess.com"]
[Source "ChessBase"]
[SourceQuality "1"]
[TimeControl "40/5400+30:1800+30"]

1. d4 Nf6 2. c4 e6 3. Nc3 Bb4 4. f3 O-O 5. a3 Bxc3+ 6. bxc3 b6 7. e4 d6 8. Bd3 Nbd7 9. Ne2 e5 10. O-O exd4 11. cxd4 c5 12. Rb1 Ba6 13. Nc3 cxd4 14. Nb5 Bxb5 15. cxb5 Ne5 16. Bc2 Rc8 17. Bb3 Qc7 18. Bg5 Nfd7 19. Qxd4 Qc5 20. Rfd1 Nxf3+ 21. gxf3 Qxg5+ 22. Kh1 Qf6 23. Qxf6 Nxf6 24. Rxd6 Rfd8 25. Rbd1 Rxd6 26. Rxd6 Kf8 27. e5 Ne8 28. Rd7 Rc7 29. Rd3 Ke7 30. a4 Rc5 31. f4 Nc7 32. Kg2 Ne6 33. Kf3 Rc1 34. Bxe6 Kxe6 35. Rd6+ Ke7 36. Rd4 Rc2 37. h4 Rc1 38. f5 Rh1 39. Rc4 Kd7 40. Rd4+ Ke7 41. Kg4 Re1 42. Kf4 Rh1 43. Kg5 Re1 44. Rc4 Kd7 45. Rd4+ Ke7 46. Rc4 Kd7 47. Rg4 Rf1 48. f6 h6+ 49. Kh5 gxf6 50. Rd4+ Ke7 51. exf6+ Rxf6 52. Rc4 Kd7 53. Rc6 Rf4 54. a5 bxa5 55. Ra6 Rf5+ 56. Kxh6 Rxb5 57. Rxa7+ Ke6 58. h5 f5 59. Kg5 f4+ 60. Kxf4 Rxh5 61. Ra6+ Kf7 62. Ke4 1/2-1/2

[Event "FIDE CB Open 2022"]
[Site "Ceske Budejovice"]
[Date "2022.07.01"]
[Round "1.34"]
[White "Petirova, Iva"]
[Black "Prazak, Daniel"]
[Result "0-1"]
[ECO "C00"]
[WhiteElo "1722"]
[BlackElo "2113"]
[Annotator "RC"]
[PlyCount "96"]
[EventDate "2022.07.01"]
[EventType "swiss"]
[EventCountry "CZE"]
[SourceTitle "playchess.com"]
[Source "ChessBase"]
[SourceQuality "1"]
[TimeControl "40/5400+30:1800+30"]

1. e4 e6 2. Qe2 Be7 3. g3 d5 4. d3 Nf6 5. Bg2 c5 6. e5 Nfd7 7. f4 Nc6 8. Nf3 Qc7 9. Nc3 a6 10. a4 b6 11. O-O Bb7 12. Bd2 Nd4 13. Qd1 Nxf3+ 14. Qxf3 O-O-O 15. Na2 f5 16. b4 cxb4 17. Nxb4 a5 18. Na2 Nc5 19. d4 Ne4 20. Rfd1 Kb8 21. Qb3 Nxd2 22. Rxd2 Ba6 23. Rb1 Kb7 24. Bf1 Bxf1 25. Kxf1 Rc8 26. Kf2 Qc6 27. Rb2 Bd8 28. Ke3 Qc4 29. Rd3 g5 30. Nc3 Qxb3 31. cxb3 Be7 32. Nb5 Rc1 33. Rc3 Rc8 34. Rxc8 gxf4+ 35. gxf4 Kxc8 36. Kd2 Rh1 37. Ke3 Re1+ 38. Kf3 Kd8 39. Rc2 Rb1 40. Rc3 Rb2 41. Kg3 h5 42. Na7 Kd7 43. Nc6 Bb4 44. Nxb4 axb4 45. Rd3 Kc6 46. h3 Rc2 47. Kf3 h4 48. Ke3 Rh2 0-1

[Event "FIDE CB Open 2022"]
[Site "Ceske Budejovice"]
[Date "2022.07.01"]
[Round "1.35"]
[White "Vltavsky, Vladimir"]
[Black "Schmied, Eva-Maria"]
[Result "1-0"]
[ECO "B22"]
[WhiteElo "2106"]
[BlackElo "1718"]
[Annotator "NA RC"]
[PlyCount "70"]
[EventDate "2022.07.01"]
[EventType "swiss"]
[EventCountry "CZE"]
[SourceTitle "playchess.com"]
[Source "ChessBase"]
[SourceQuality "1"]
[TimeControl "40/5400+30:1800+30"]

1. e4 c5 2. Nf3 e6 3. c3 Nf6 4. e5 Nd5 5. d4 cxd4 6. cxd4 d6 7. Bd2 Qb6 8. Nc3 Nc6 9. Nxd5 exd5 10. Bc3 Be7 11. Be2 O-O 12. O-O Bg4 13. Re1 Rad8 14. h3 Bxf3 15. Bxf3 dxe5 16. dxe5 d4 17. Bd2 Rfe8 18. Qb3 Bc5 19. Qxb6 Bxb6 20. Bxc6 bxc6 21. Rac1 Re6 22. f4 Rd5 23. Kf2 h5 24. Kf3 Kf8 25. Re4 Ke7 26. Rce1 g6 27. g4 hxg4+ 28. hxg4 Kd7 29. f5 gxf5 30. gxf5 Re8 31. e6+ fxe6 32. fxe6+ Kd6 33. Bf4+ Kc5 34. e7 d3 35. a4 d2 1-0

[Event "FIDE CB Open 2022"]
[Site "Ceske Budejovice"]
[Date "2022.07.01"]
[Round "1.36"]
[White "Nagyova, Daniela"]
[Black "Pirola, Claudionor Alcides L"]
[Result "0-1"]
[ECO "C55"]
[WhiteElo "1712"]
[BlackElo "2100"]
[Annotator "RC"]
[PlyCount "73"]
[EventDate "2022.07.01"]
[EventType "swiss"]
[EventCountry "CZE"]
[SourceTitle "playchess.com"]
[Source "ChessBase"]
[SourceQuality "1"]
[TimeControl "40/5400+30:1800+30"]

1. e4 e5 2. Nf3 Nc6 3. Bc4 Nf6 4. d3 h6 5. O-O d6 6. Nbd2 g5 7. Nb3 Bg7 8. c3 a6 9. Re1 g4 10. Nfd2 b5 11. Bd5 Nxd5 12. exd5 Ne7 13. c4 O-O 14. Nf1 c6 15. dxc6 Nxc6 16. Ng3 d5 17. cxb5 axb5 18. Nh5 Bh8 19. Bxh6 Re8 20. Ng3 f5 21. Rc1 Qd6 22. Qd2 Ne7 23. Qg5+ Kh7 24. Qh5 Qg6 25. Bd2+ Qxh5 26. Nxh5 Kg6 27. Ng3 Rxa2 28. Rc2 f4 29. Ne2 Bf5 30. Nec1 Raa8 31. Rc7 Rac8 32. Rb7 Rb8 33. Rc7 f3 34. g3 Bf6 35. Bb4 Kf7 36. Nc5 Rb6 37. Rxe5 0-1

[Event "FIDE CB Open 2022"]
[Site "Ceske Budejovice"]
[Date "2022.07.01"]
[Round "1.37"]
[White "Sykora, Ondrej"]
[Black "Vojtek, Pavel"]
[Result "1/2-1/2"]
[ECO "C10"]
[WhiteElo "2099"]
[BlackElo "1711"]
[Annotator "RC"]
[PlyCount "57"]
[EventDate "2022.07.01"]
[EventType "swiss"]
[EventCountry "CZE"]
[SourceTitle "playchess.com"]
[Source "ChessBase"]
[SourceQuality "1"]
[TimeControl "40/5400+30:1800+30"]

1. e4 e6 2. d4 d5 3. Nc3 dxe4 4. Nxe4 Be7 5. Nf3 Nf6 6. Bd3 Nbd7 7. c3 b6 8. O-O Bb7 9. Ng3 O-O 10. Be3 Nd5 11. Qe2 Nxe3 12. fxe3 Nf6 13. e4 c5 14. Rad1 cxd4 15. cxd4 Rc8 16. Bb1 Rc7 17. a3 Qc8 18. Rfe1 Rd8 19. Nh1 Ba6 20. Qe3 Ng4 21. Qf4 e5 22. Nxe5 Nxe5 23. dxe5 Rxd1 24. Rxd1 h6 25. h4 Rd7 26. Rxd7 Qxd7 27. Nf2 Bc4 28. b4 Kf8 29. g3 1/2-1/2

[Event "FIDE CB Open 2022"]
[Site "Ceske Budejovice"]
[Date "2022.07.01"]
[Round "1.38"]
[White "Rybackova, Lucie"]
[Black "Hladky, Tadeas"]
[Result "0-1"]
[ECO "D11"]
[WhiteElo "1696"]
[BlackElo "2095"]
[Annotator "NA RC"]
[PlyCount "74"]
[EventDate "2022.07.01"]
[EventType "swiss"]
[EventCountry "CZE"]
[SourceTitle "playchess.com"]
[Source "ChessBase"]
[SourceQuality "1"]
[TimeControl "40/5400+30:1800+30"]

1. Nf3 Nf6 2. g3 d5 3. Bg2 Bf5 4. d4 e6 5. O-O Be7 6. c4 c6 7. Nc3 O-O 8. b3 h6 9. Bb2 Nbd7 10. Nd2 Qb6 11. e4 dxe4 12. Ndxe4 Nxe4 13. Nxe4 Nf6 14. Qe2 Bxe4 15. Bxe4 Nxe4 16. Qxe4 Bf6 17. Rfd1 Rfd8 18. Rd3 Rd7 19. Rad1 Rad8 20. Kg2 Qa5 21. Qe2 c5 22. Bc3 Qb6 23. dxc5 Qc6+ 24. f3 Bxc3 25. Rxd7 Rxd7 26. Rd3 Bb4 27. Rxd7 Qxd7 28. Qe3 Qd2+ 29. Qxd2 Bxd2 30. a3 Bc1 31. a4 Ba3 32. Kf2 Bxc5+ 33. Ke2 a5 34. Kd3 f5 35. g4 Kf7 36. h3 Kf6 37. f4 e5 0-1

[Event "FIDE CB Open 2022"]
[Site "Ceske Budejovice"]
[Date "2022.07.01"]
[Round "1.39"]
[White "Hrbolka, Ladislav"]
[Black "Hrbek, Jachym"]
[Result "1/2-1/2"]
[ECO "D30"]
[WhiteElo "2164"]
[BlackElo "1695"]
[Annotator "RC"]
[PlyCount "84"]
[EventDate "2022.07.01"]
[EventType "swiss"]
[EventCountry "CZE"]
[SourceTitle "playchess.com"]
[Source "ChessBase"]
[SourceQuality "1"]
[TimeControl "40/5400+30:1800+30"]

1. d4 d5 2. Nf3 c6 3. c4 Nf6 4. e3 e6 5. Be2 dxc4 6. Bxc4 b5 7. Bd3 Bb7 8. O-O Be7 9. Qe2 O-O 10. e4 Nbd7 11. e5 Nd5 12. Nc3 Nxc3 13. bxc3 Re8 14. Qe4 Nf8 15. Bxb5 Qc7 16. Ba4 Red8 17. Rb1 Rac8 18. Bg5 Ba8 19. Bxe7 Qxe7 20. Qe3 h6 21. Bc2 c5 22. Be4 Bxe4 23. Qxe4 Rd5 24. g3 Rd7 25. Rb3 Rdc7 26. Rfb1 Nd7 27. Rb7 Nb6 28. Rxc7 Qxc7 29. Rb5 cxd4 30. cxd4 Nd5 31. Rc5 Qb7 32. Rxc8+ Qxc8 33. Qb1 Qc7 34. Qb2 a6 35. Ne1 Qc4 36. Nf3 Qc7 37. Qb3 Qc6 38. Qb2 Qc7 39. Qe2 Qc6 40. Ne1 Qb6 41. Qd2 Qb1 42. Kg2 Qb7 1/2-1/2

[Event "FIDE CB Open 2022"]
[Site "Ceske Budejovice"]
[Date "2022.07.01"]
[Round "1.40"]
[White "Svoboda, Petr"]
[Black "Zilavy, Jan"]
[Result "1/2-1/2"]
[ECO "C47"]
[WhiteElo "2088"]
[BlackElo "2090"]
[Annotator "NA RC"]
[PlyCount "69"]
[EventDate "2022.07.01"]
[EventType "swiss"]
[EventCountry "CZE"]
[SourceTitle "playchess.com"]
[Source "ChessBase"]
[SourceQuality "1"]
[TimeControl "40/5400+30:1800+30"]

1. e4 e5 2. Nf3 Nc6 3. d4 exd4 4. Nxd4 Nf6 5. Nc3 Bb4 6. Nxc6 bxc6 7. Bd3 O-O 8. O-O Re8 9. Bg5 h6 10. Bh4 g5 11. Bg3 Bxc3 12. bxc3 Nxe4 13. Qh5 Kg7 14. Rae1 d5 15. h4 Bf5 16. hxg5 hxg5 17. Qf3 Bg6 18. Qe3 f6 19. f4 Nxg3 20. Qxg3 Bxd3 21. Rxe8 Qxe8 22. cxd3 Qf7 23. fxg5 f5 24. Qe5+ Kg6 25. g4 Re8 26. gxf5+ Kxg5 27. Qf4+ Kf6 28. Qh6+ Ke7 29. Re1+ Kd7 30. Rxe8 Qxe8 31. Qg7+ Kd6 32. Qf6+ Kd7 33. Qg7+ Kd6 34. Qf6+ Kd7 35. Qg7+ 1/2-1/2

[Event "FIDE CB Open 2022"]
[Site "Ceske Budejovice"]
[Date "2022.07.01"]
[Round "1.41"]
[White "Laith, Kasib"]
[Black "Zednicek, Filip"]
[Result "1-0"]
[ECO "A08"]
[WhiteElo "2079"]
[BlackElo "1688"]
[Annotator "NA RC"]
[PlyCount "31"]
[EventDate "2022.07.01"]
[EventType "swiss"]
[EventCountry "CZE"]
[SourceTitle "playchess.com"]
[Source "ChessBase"]
[SourceQuality "1"]
[TimeControl "40/5400+30:1800+30"]

1. Nf3 d5 2. g3 c5 3. Bg2 Nc6 4. d3 Nf6 5. O-O e5 6. Nbd2 Be7 7. e4 O-O 8. Re1 d4 9. a4 Qc7 10. Nc4 Be6 11. Ng5 Bxc4 12. dxc4 Rad8 13. f4 Bd6 14. f5 Be7 15. Bf1 Ng4 16. Qxg4 1-0

[Event "FIDE CB Open 2022"]
[Site "Ceske Budejovice"]
[Date "2022.07.01"]
[Round "1.42"]
[White "Svoboda, Daniel"]
[Black "Placer, Sebastian"]
[Result "0-1"]
[ECO "C18"]
[WhiteElo "1679"]
[BlackElo "2062"]
[Annotator "NA RC"]
[PlyCount "74"]
[EventDate "2022.07.01"]
[EventType "swiss"]
[EventCountry "CZE"]
[SourceTitle "playchess.com"]
[Source "ChessBase"]
[SourceQuality "1"]
[TimeControl "40/5400+30:1800+30"]

1. e4 e6 2. d4 d5 3. Nc3 Bb4 4. e5 c5 5. a3 Ba5 6. b4 cxd4 7. Nb5 Bc7 8. Nf3 Nc6 9. Bf4 Nge7 10. Nbxd4 O-O 11. Bg3 Nxd4 12. Nxd4 f6 13. Qg4 Ng6 14. Qh3 Bxe5 15. Bxe5 Nxe5 16. Bd3 Nxd3+ 17. Qxd3 e5 18. Nf5 Be6 19. Ng3 Qc7 20. O-O Rac8 21. Rac1 Rfd8 22. Qe3 d4 23. Qe4 Qc6 24. Qh4 Qc3 25. Ne4 Qc6 26. h3 Bf5 27. Rfe1 Bxe4 28. Rxe4 Qc3 29. Rg4 Rc6 30. Qh6 Rd7 31. Qh5 g6 32. Qf5 Rf7 33. Qh5 d3 34. Qh6 dxc2 35. Rg3 Qd4 36. b5 Rcc7 37. Re3 Qd2 0-1

[Event "FIDE CB Open 2022"]
[Site "Ceske Budejovice"]
[Date "2022.07.01"]
[Round "1.43"]
[White "Valantiejus, Vaidotas"]
[Black "Rybacek, Martin"]
[Result "1-0"]
[ECO "C10"]
[WhiteElo "2062"]
[BlackElo "1650"]
[Annotator "RC"]
[PlyCount "115"]
[EventDate "2022.07.01"]
[EventType "swiss"]
[EventCountry "CZE"]
[SourceTitle "playchess.com"]
[Source "ChessBase"]
[SourceQuality "1"]
[TimeControl "40/5400+30:1800+30"]

1. e4 e6 2. d4 d5 3. Nd2 dxe4 4. Nxe4 Nd7 5. Nf3 Ngf6 6. Nxf6+ Nxf6 7. c3 c5 8. Bd3 Bd6 9. Bc2 h6 10. dxc5 Bxc5 11. Ba4+ Bd7 12. Ne5 a6 13. Nxd7 Nxd7 14. O-O b5 15. Bc2 Nf6 16. Qe2 O-O 17. Bf4 Qe7 18. Rfd1 Rad8 19. a4 Rxd1+ 20. Rxd1 Qb7 21. Bd3 bxa4 22. Ra1 a5 23. Rxa4 Qb6 24. Be5 Be7 25. Bd4 Qc7 26. h3 Ra8 27. b4 Bd8 28. b5 Qd6 29. Be5 Qc5 30. c4 Nd7 31. Bb2 Bb6 32. Ra2 Re8 33. Bc3 Qc7 34. Be4 Nc5 35. Be5 Qe7 36. Bb1 Rd8 37. Rd2 Rxd2 38. Qxd2 Qd7 39. Qc2 f5 40. Qe2 a4 41. Bb2 Bc7 42. Bc2 Qd6 43. g3 Bb6 44. Be5 Qd7 45. Qe1 Nd3 46. Bxd3 Qxd3 47. Qc3 Qxc3 48. Bxc3 a3 49. Kf1 a2 50. Ke2 e5 51. Bxe5 Bd8 52. b6 Bxb6 53. Kd2 Bd8 54. Kc2 Bf6 55. Bxf6 gxf6 56. Kb2 Kf7 57. Kxa2 Ke7 58. Kb3 1-0

[Event "FIDE CB Open 2022"]
[Site "Ceske Budejovice"]
[Date "2022.07.01"]
[Round "1.44"]
[White "Hammel, Juergen"]
[Black "Simecek, Bohumil"]
[Result "0-1"]
[ECO "B13"]
[WhiteElo "1650"]
[BlackElo "2059"]
[Annotator "NA RC"]
[PlyCount "60"]
[EventDate "2022.07.01"]
[EventType "swiss"]
[EventCountry "CZE"]
[SourceTitle "playchess.com"]
[Source "ChessBase"]
[SourceQuality "1"]
[TimeControl "40/5400+30:1800+30"]

1. e4 c6 2. Nf3 d5 3. exd5 cxd5 4. d4 Nc6 5. Bb5 a6 6. Ba4 Nf6 7. Ne5 Bd7 8. Nxd7 Qxd7 9. c3 e6 10. Nd2 Bd6 11. Nf3 b5 12. Bc2 h6 13. Bd2 Qc7 14. Qe2 O-O 15. O-O Rfc8 16. Rac1 Bf4 17. Rfe1 Bxd2 18. Qxd2 Na5 19. b3 Nb7 20. Ne5 Nd6 21. f3 Ra7 22. g4 Qe7 23. h4 Rac7 24. g5 hxg5 25. hxg5 Nh5 26. Re2 g6 27. Bb1 b4 28. c4 dxc4 29. Ng4 cxb3 30. Rxc7 Qxc7 0-1

[Event "FIDE CB Open 2022"]
[Site "Ceske Budejovice"]
[Date "2022.07.01"]
[Round "1.45"]
[White "Kovalskyi, Roman"]
[Black "Pisar, Tomas"]
[Result "1-0"]
[ECO "C55"]
[WhiteElo "2056"]
[BlackElo "1640"]
[Annotator "NA RC"]
[PlyCount "63"]
[EventDate "2022.07.01"]
[EventType "swiss"]
[EventCountry "CZE"]
[SourceTitle "playchess.com"]
[Source "ChessBase"]
[SourceQuality "1"]
[TimeControl "40/5400+30:1800+30"]

1. e4 e5 2. Nf3 Nc6 3. Bc4 Be7 4. O-O Nf6 5. d3 O-O 6. c3 d6 7. a4 Na5 8. Ba2 c5 9. Na3 Nc6 10. Nc4 a6 11. Ne3 Rb8 12. Bd5 Nxd5 13. exd5 Na7 14. b4 cxb4 15. cxb4 b5 16. a5 f5 17. Qb3 Bf6 18. Bb2 g6 19. Rac1 Bb7 20. Rfd1 Qd7 21. d4 e4 22. Ne5 dxe5 23. dxe5 Bg7 24. d6+ Kh8 25. e6 Qe8 26. Bxg7+ Kxg7 27. Rc7+ Kh6 28. Qc3 Qxe6 29. Qg7+ Kg5 30. h4+ Kf4 31. Qh6+ Ke5 32. Qg5 1-0

[Event "FIDE CB Open 2022"]
[Site "Ceske Budejovice"]
[Date "2022.07.01"]
[Round "1.46"]
[White "Pavlis, Matej"]
[Black "Mrazik, Tomas"]
[Result "0-1"]
[ECO "E62"]
[WhiteElo "1625"]
[BlackElo "2055"]
[Annotator "RC"]
[PlyCount "120"]
[EventDate "2022.07.01"]
[EventType "swiss"]
[EventCountry "CZE"]
[SourceTitle "playchess.com"]
[Source "ChessBase"]
[SourceQuality "1"]
[TimeControl "40/5400+30:1800+30"]

1. d4 Nf6 2. Nf3 g6 3. c4 Bg7 4. g3 O-O 5. Bg2 d6 6. O-O Nc6 7. Nc3 Bf5 8. Re1 Ne4 9. Nh4 Nxc3 10. bxc3 Bd7 11. Rb1 Rb8 12. e4 e5 13. Be3 b6 14. Nf3 Qe8 15. Qd3 Na5 16. Rbd1 Be6 17. Nd2 Qa4 18. Bf1 f5 19. f3 fxe4 20. fxe4 Rf7 21. d5 Bc8 22. Nb3 Ba6 23. Nxa5 Qxa5 24. Qc2 Rbf8 25. Be2 Bc8 26. Rf1 Bh3 27. Rxf7 Rxf7 28. Bf1 Bd7 29. Qb2 Rf3 30. Re1 Qa4 31. Bg2 Rf8 32. Bf1 Bg4 33. Be2 Bh3 34. Qb3 Qe8 35. Bf1 Bd7 36. Be2 a5 37. Rf1 Rxf1+ 38. Bxf1 Qf8 39. Qd1 h5 40. Be2 Kh7 41. Bg5 Qe8 42. Qf1 Bc8 43. Bd3 Qd7 44. Qd1 Bh6 45. Qd2 Bxg5 46. Qxg5 Qf7 47. Be2 Bd7 48. Kg2 Ba4 49. g4 Bc2 50. Qe3 hxg4 51. Bxg4 Qf4 52. Qxf4 exf4 53. Kf3 g5 54. Bf5+ Kg7 55. Ke2 Kf6 56. Kd2 Bb1 57. a3 Ke5 58. Ke2 Bxe4 59. Bg4 Bf5 60. Bf3 g4 0-1